[Event "2nd Kalyan Dombivali 2019"]
[Site "Kalyan"]
[Date "2019.01.30"]
[Round "2.10"]
[White "Tawade, Arnav"]
[Black "Ahmed, Feroz"]
[Result "0-1"]
[ECO "E91"]
[WhiteElo "1285"]
[BlackElo "1919"]
[Annotator "NA RC"]
[PlyCount "66"]
[EventDate "2019.01.28"]
[EventType "swiss"]
[EventRounds "10"]
[EventCountry "IND"]
[SourceTitle "playchess.com"]
[Source "ChessBase"]
[SourceQuality "1"]
[TimeControl "5400+30"]

1. d4 Nf6 2. c4 g6 3. Nc3 Bg7 4. e4 d6 5. Nf3 O-O 6. Be2 Nbd7 7. O-O e5 8. Qc2 exd4 9. Nxd4 Re8 10. Rd1 Nc5 11. f3 Nh5 12. Be3 f5 13. Nb3 Nxb3 14. Qxb3 Be6 15. Nd5 Bxd5 16. Rxd5 fxe4 17. fxe4 Rxe4 18. Bf3 Re5 19. Rxe5 Bxe5 20. Qxb7 Rb8 21. Qd5+ Kg7 22. Bd4 Bxd4+ 23. Qxd4+ Nf6 24. Qxa7 Rxb2 25. a4 Qe7 26. a5 Qe5 27. Qxc7+ Kh6 28. a6 Ne4 29. Qa7 Rb6 30. Rf1 Qc5+ 31. Kh1 Nf2+ 32. Rxf2 Rb1+ 33. Rf1 Rxf1# 0-1

[Event "2nd Kalyan Dombivali 2019"]
[Site "Kalyan"]
[Date "2019.01.30"]
[Round "2.11"]
[White "Vijay, Anand M."]
[Black "Singla, Aaryan"]
[Result "1-0"]
[ECO "B70"]
[WhiteElo "1841"]
[BlackElo "1287"]
[Annotator "NA RC"]
[PlyCount "92"]
[EventDate "2019.01.28"]
[EventType "swiss"]
[EventRounds "10"]
[EventCountry "IND"]
[SourceTitle "playchess.com"]
[Source "ChessBase"]
[SourceQuality "1"]
[TimeControl "5400+30"]

1. e4 c5 2. Nf3 d6 3. d4 cxd4 4. Nxd4 Nf6 5. Nc3 g6 6. g3 Bd7 7. Bg2 Nc6 8. Nde2 Bg7 9. O-O O-O 10. h3 Rb8 11. a4 a6 12. Be3 b5 13. axb5 axb5 14. Nd5 Ne5 15. Ra2 Nc4 16. Bc1 Nxd5 17. exd5 Qc7 18. b3 Nb6 19. Nd4 Qc5 20. Be3 Nxd5 21. Ne6 Bxe6 22. Bxc5 Nc3 23. Qd2 Nxa2 24. Bd4 b4 25. Bxg7 Kxg7 26. Ra1 Nc3 27. Ra7 Rfe8 28. h4 h5 29. Qg5 Rb5 30. Qd2 Bd5 31. Bf1 Rbb8 32. Qg5 e5 33. Bd3 e4 34. Bc4 Bxc4 35. bxc4 e3 36. Kg2 e2 37. Qf4 e1=N+ 38. Kf1 Rf8 39. Kxe1 b3 40. cxb3 Rxb3 41. Kf1 Rb1+ 42. Kg2 Rg1+ 43. Kh2 Rd1 44. Qf3 Rc1 45. Qe3 Rc2 46. Qd3 Rc1 1-0

[Event "2nd Kalyan Dombivali 2019"]
[Site "Kalyan"]
[Date "2019.01.30"]
[Round "2.12"]
[White "Keshavendra, Mishra"]
[Black "Sparsh, Khandelwal"]
[Result "0-1"]
[ECO "D85"]
[WhiteElo "1261"]
[BlackElo "1823"]
[Annotator "NA RC"]
[PlyCount "62"]
[EventDate "2019.01.28"]
[EventType "swiss"]
[EventRounds "10"]
[EventCountry "IND"]
[SourceTitle "playchess.com"]
[Source "ChessBase"]
[SourceQuality "1"]
[TimeControl "5400+30"]

1. d4 Nf6 2. c4 g6 3. Nc3 d5 4. cxd5 Nxd5 5. Nxd5 Qxd5 6. Nf3 Bg7 7. e3 O-O 8. Be2 c5 9. O-O Nc6 10. dxc5 Qxc5 11. Qb3 Be6 12. Qb5 Qxb5 13. Bxb5 Nb4 14. Ng5 Bxa2 15. Bd2 a5 16. Bc3 Rfc8 17. Bxg7 Kxg7 18. Rfc1 Bb3 19. h3 Nc2 20. Rab1 Ba2 21. Bd7 Rc7 22. Ra1 Bb3 23. Ra3 a4 24. Bb5 Rc5 25. Bd3 Rxg5 26. Bxc2 Rc5 27. Bxb3 Rxc1+ 28. Kh2 b5 29. Bd5 Rd8 30. Bf3 Rd2 31. b3 Rc3 0-1

[Event "2nd Kalyan Dombivali 2019"]
[Site "Kalyan"]
[Date "2019.01.30"]
[Round "2.13"]
[White "Nehete, Akshay S"]
[Black "Rane, Parnavi"]
[Result "1-0"]
[ECO "A51"]
[WhiteElo "1788"]
[BlackElo "1273"]
[Annotator "NA RC"]
[PlyCount "59"]
[EventDate "2019.01.28"]
[EventType "swiss"]
[EventRounds "10"]
[EventCountry "IND"]
[SourceTitle "playchess.com"]
[Source "ChessBase"]
[SourceQuality "1"]
[TimeControl "5400+30"]

1. d4 Nf6 2. c4 e5 3. dxe5 Ne4 4. Nd2 Bb4 5. a3 Bxd2+ 6. Bxd2 Qe7 7. Nf3 Nc6 8. Bf4 d6 9. Qd5 f5 10. exd6 cxd6 11. Nd4 Nf6 12. Nxc6 Nxd5 13. Nxe7 Nxf4 14. Nxc8 Rxc8 15. e3 Ne6 16. b4 O-O 17. Rd1 Rfd8 18. f3 Rc6 19. Kf2 g6 20. Be2 Kf7 21. Rd2 Ke7 22. Rhd1 a6 23. f4 Rc7 24. h3 Rcd7 25. Bf3 Rc7 26. Bd5 Rcd7 27. g4 Kf6 28. Kf3 Ng7 29. Re1 Re8 30. Rde2 1-0

[Event "2nd Kalyan Dombivali 2019"]
[Site "Kalyan"]
[Date "2019.01.30"]
[Round "2.14"]
[White "Tambe, Shardul"]
[Black "Subramanian, R M"]
[Result "0-1"]
[ECO "E33"]
[WhiteElo "1254"]
[BlackElo "1780"]
[Annotator "NA"]
[PlyCount "102"]
[EventDate "2019.01.28"]
[EventType "swiss"]
[EventRounds "10"]
[EventCountry "IND"]
[SourceTitle "playchess.com"]
[Source "ChessBase"]
[SourceQuality "1"]
[TimeControl "5400+30"]

1. d4 Nf6 2. c4 e6 3. Nc3 Bb4 4. Qc2 Nc6 5. Nf3 Qe7 6. Bg5 h6 7. Bh4 g5 8. Bg3 g4 9. Nd2 Nxd4 10. Qd3 e5 11. e3 Bxc3 12. Qxc3 d6 13. Bh4 Nf5 14. Bxf6 Qxf6 15. Ne4 Qe7 16. Be2 Nh4 17. g3 Nf3+ 18. Bxf3 gxf3 19. Nd2 Bh3 20. Rg1 Bg2 21. e4 Qe6 22. b3 Qg4 23. O-O-O O-O-O 24. Rge1 Rhf8 25. Qe3 Kb8 26. Qxh6 f5 27. exf5 Qd4 28. Qe3 Qa1+ 29. Kc2 Qxa2+ 30. Kc3 Qa5+ 31. Kc2 Bh3 32. Ra1 Bxf5+ 33. Kb2 Qb6 34. Qxb6 axb6 35. Ne4 d5 36. Nd2 e4 37. cxd5 Rxd5 38. Nxe4 Re8 39. Ng5 Rd2+ 40. Ka3 Rxe1 41. Rxe1 Rxf2 42. Re8+ Ka7 43. Rf8 Bb1 44. Rxf3 Rxh2 45. Rc3 c6 46. Rc1 Bf5 47. Rf1 Bc2 48. Kb4 c5+ 49. Kc3 Bg6 50. Ra1+ Kb8 51. Rf1 Rc2# 0-1

[Event "2nd Kalyan Dombivali 2019"]
[Site "Kalyan"]
[Date "2019.01.30"]
[Round "2.15"]
[White "Harshsingh, Negi"]
[Black "Javheri, Jaydev"]
[Result "0-1"]
[ECO "B83"]
[WhiteElo "1246"]
[BlackElo "1675"]
[Annotator "NA RC"]
[PlyCount "100"]
[EventDate "2019.01.28"]
[EventType "swiss"]
[EventRounds "10"]
[EventCountry "IND"]
[SourceTitle "playchess.com"]
[Source "ChessBase"]
[SourceQuality "1"]
[TimeControl "5400+30"]

1. e4 c5 2. Nf3 d6 3. Nc3 Nc6 4. Be2 Nf6 5. d4 cxd4 6. Nxd4 e6 7. Be3 Be7 8. Nxc6 bxc6 9. Qd2 O-O 10. g4 d5 11. e5 Nd7 12. g5 c5 13. Bf4 a6 14. Qd3 Bxg5 15. Qg3 Bxf4 16. Qxf4 Qc7 17. Rg1 Qxe5 18. Qh6 Kh8 19. Qh4 Qf6 20. Qg3 Qg6 21. Qxg6 fxg6 22. f3 Ne5 23. Kf2 Bd7 24. Rg5 Rf5 25. Rag1 Bc6 26. Rxf5 gxf5 27. f4 Ng6 28. Kg3 d4 29. Nd1 Bd5 30. Bf3 Bxf3 31. Kxf3 Kg8 32. Nf2 e5 33. fxe5 Nxe5+ 34. Kf4 Nc4 35. b3 Ne3 36. Nd3 Rc8 37. Rc1 h6 38. c3 Nd5+ 39. Kxf5 Nxc3 40. Ke5 c4 41. Nb2 cxb3 42. axb3 Re8+ 43. Kd6 Rb8 44. Nd3 Rxb3 45. Nc5 Rb6+ 46. Kc7 Nd5+ 47. Kd7 Nb4 48. Kc7 Rf6 49. Rc4 a5 50. Nb7 Rc6+ 0-1

[Event "2nd Kalyan Dombivali 2019"]
[Site "Kalyan"]
[Date "2019.01.30"]
[Round "2.16"]
[White "Shreyas, Ghadi"]
[Black "Kunnekar, Vanshri"]
[Result "1-0"]
[ECO "D10"]
[WhiteElo "1653"]
[BlackElo "1269"]
[Annotator "NA RC"]
[PlyCount "91"]
[EventDate "2019.01.28"]
[EventType "swiss"]
[EventRounds "10"]
[EventCountry "IND"]
[SourceTitle "playchess.com"]
[Source "ChessBase"]
[SourceQuality "1"]
[TimeControl "5400+30"]

1. d4 d5 2. c4 c6 3. Nc3 Nf6 4. cxd5 cxd5 5. Bf4 Bf5 6. e3 e6 7. Qb3 Qd7 8. Bxb8 a6 9. Be5 Be7 10. Nf3 O-O 11. Be2 Rfc8 12. O-O Ne4 13. Rac1 h5 14. Bg3 f6 15. Nxe4 dxe4 16. Nh4 Bg4 17. Bxg4 hxg4 18. Ng6 Bd6 19. Bxd6 Qxd6 20. Qxb7 Rcb8 21. Qxe4 f5 22. Qf4 Qxf4 23. Nxf4 Rxb2 24. Nxe6 Rxa2 25. Nc5 a5 26. Ra1 Rc2 27. g3 Rc4 28. Ra4 Rc2 29. Rb1 g5 30. Ne6 f4 31. gxf4 gxf4 32. Nxf4 Rd2 33. Rba1 Rc8 34. R4a2 Rxa2 35. Rxa2 Kf7 36. Rxa5 Kf6 37. Kg2 Rc2 38. d5 Ke5 39. Ra6 Rd2 40. Kg3 Kf5 41. Re6 Rd4 42. exd4 Kg5 43. d6 Kf5 44. d7 Kg5 45. d8=B+ Kf5 46. Re5# 1-0

[Event "2nd Kalyan Dombivali 2019"]
[Site "Kalyan"]
[Date "2019.01.30"]
[Round "2.17"]
[White "Shubham, Rahul Kamble"]
[Black "Ankur, Mahesh Gokhale"]
[Result "0-1"]
[ECO "B21"]
[WhiteElo "1244"]
[BlackElo "1628"]
[Annotator "NA RC"]
[PlyCount "104"]
[EventDate "2019.01.28"]
[EventType "swiss"]
[EventRounds "10"]
[EventCountry "IND"]
[SourceTitle "playchess.com"]
[Source "ChessBase"]
[SourceQuality "1"]
[TimeControl "5400+30"]

1. e4 c5 2. d4 cxd4 3. c3 Nf6 4. e5 Nd5 5. cxd4 e6 6. Nf3 b6 7. Nc3 Bb7 8. Bc4 Nxc3 9. bxc3 Qc7 10. Qd3 Nc6 11. O-O Na5 12. Bb3 Rc8 13. Bd2 Nc4 14. Bxc4 Qxc4 15. Qe3 Qd5 16. Ne1 Qe4 17. Qxe4 Bxe4 18. f3 Bd5 19. Nc2 Bc4 20. Rfc1 d5 21. a4 a5 22. Rcb1 Bd3 23. Rb2 Rc6 24. Na3 Be7 25. Kf2 Bd8 26. Ke3 Bc4 27. Nb5 Bxb5 28. axb5 Rc4 29. Rba2 f6 30. Ra4 Rxa4 31. Rxa4 fxe5 32. dxe5 Be7 33. Kd3 Bc5 34. Be3 Bxe3 35. Kxe3 Ke7 36. c4 Rc8 37. Kd4 Rc5 38. cxd5 Rxd5+ 39. Ke4 Rxb5 40. f4 Rb2 41. Kf3 Rd2 42. h4 Rd7 43. g4 Ra7 44. Ke3 b5 45. Ra1 a4 46. Kd3 a3 47. Kc3 Ra4 48. Kb3 Rxf4 49. Rxa3 Rf3+ 50. Kb4 Rxa3 51. Kxa3 Kd7 52. Kb4 Kc6 0-1

[Event "2nd Kalyan Dombivali 2019"]
[Site "Kalyan"]
[Date "2019.01.30"]
[Round "2.18"]
[White "Chhabra, Aakash"]
[Black "Kshirsagar, Nimesh Dinesh"]
[Result "1-0"]
[ECO "A45"]
[WhiteElo "1620"]
[BlackElo "1257"]
[Annotator "NA RC"]
[PlyCount "99"]
[EventDate "2019.01.28"]
[EventType "swiss"]
[EventRounds "10"]
[EventCountry "IND"]
[SourceTitle "playchess.com"]
[Source "ChessBase"]
[SourceQuality "1"]
[TimeControl "5400+30"]

1. d4 Nf6 2. Bg5 d5 3. e3 e6 4. Bd3 Be7 5. Nf3 c6 6. O-O O-O 7. Nbd2 h6 8. Bh4 Nbd7 9. c3 b6 10. Bg3 Bb7 11. Qe2 c5 12. Ne5 c4 13. Bc2 Nxe5 14. Bxe5 Bd6 15. Bxf6 Qxf6 16. e4 Qe7 17. e5 Bc7 18. f4 f6 19. exf6 Rxf6 20. g3 Bc6 21. Rae1 b5 22. Nf3 Be8 23. Ne5 Bxe5 24. Qxe5 Qd7 25. g4 Bg6 26. Bxg6 Rxg6 27. Qh5 Qf7 28. f5 Rf6 29. Qxf7+ Kxf7 30. fxe6+ Ke7 31. Rxf6 gxf6 32. Kg2 Re8 33. Kg3 Kd6 34. Kh4 Ke7 35. h3 Kf8 36. e7+ Kf7 37. Kh5 a5 38. a3 Kg7 39. h4 Kf7 40. g5 hxg5 41. hxg5 fxg5 42. Kxg5 Rxe7 43. Rxe7+ Kxe7 44. Kf5 Kd6 45. Kf6 a4 46. Kf5 Kd7 47. Ke5 Kc6 48. Ke6 Kc7 49. Kxd5 Kd7 50. Kc5 1-0

[Event "2nd Kalyan Dombivali 2019"]
[Site "Kalyan"]
[Date "2019.01.30"]
[Round "2.19"]
[White "Parkar, Mandar"]
[Black "Shivshankar, Iyer S"]
[Result "0-1"]
[ECO "B24"]
[WhiteElo "1239"]
[BlackElo "1619"]
[Annotator "NA RC"]
[PlyCount "60"]
[EventDate "2019.01.28"]
[EventType "swiss"]
[EventRounds "10"]
[EventCountry "IND"]
[SourceTitle "playchess.com"]
[Source "ChessBase"]
[SourceQuality "1"]
[TimeControl "5400+30"]

1. e4 c5 2. Nc3 Nc6 3. g3 g6 4. Bg2 Bg7 5. Nge2 d6 6. h3 Bd7 7. O-O h5 8. d3 a6 9. Nd5 e6 10. Ne3 Nge7 11. Kh2 Qc7 12. f4 f5 13. h4 O-O-O 14. c4 Be8 15. Rb1 Bf7 16. Bd2 fxe4 17. dxe4 d5 18. cxd5 exd5 19. e5 d4 20. Bh3+ Kb8 21. Ng2 Bd5 22. a3 b6 23. Ne1 Be4 24. Ra1 Nd5 25. Nf3 Bh6 26. Nc1 Rhe8 27. Re1 Bxf3 28. Qxf3 Nxe5 29. Qb3 c4 30. Qa4 Nf3+ 0-1

[Event "2nd Kalyan Dombivali 2019"]
[Site "Kalyan"]
[Date "2019.01.30"]
[Round "2.20"]
[White "Akshit, Jha"]
[Black "Aditi, Yogesh Kayal"]
[Result "1-0"]
[ECO "C11"]
[WhiteElo "1604"]
[BlackElo "1251"]
[Annotator "NA RC"]
[PlyCount "57"]
[EventDate "2019.01.28"]
[EventType "swiss"]
[EventRounds "10"]
[EventCountry "IND"]
[SourceTitle "playchess.com"]
[Source "ChessBase"]
[SourceQuality "1"]
[TimeControl "5400+30"]

1. e4 e6 2. Nf3 d5 3. Nc3 d4 4. Ne2 c5 5. c3 Nf6 6. e5 Nfd7 7. cxd4 cxd4 8. Nexd4 Nxe5 9. Bb5+ Ned7 10. O-O Bc5 11. Nb3 Bb6 12. d4 O-O 13. Bg5 Nf6 14. Ne5 a6 15. Be2 Bc7 16. Qc2 Nbd7 17. f4 Bb6 18. Kh1 Qc7 19. Qd3 Nxe5 20. fxe5 Nd5 21. Qe4 Qd7 22. Bd3 g6 23. Qh4 Bd8 24. Bf6 Bxf6 25. exf6 Kh8 26. Rf3 Qd8 27. Raf1 Rg8 28. Qxh7+ Kxh7 29. Rh3# 1-0

[Event "2nd Kalyan Dombivali 2019"]
[Site "Kalyan"]
[Date "2019.01.30"]
[Round "3"]
[White "Kumar, Gaurav"]
[Black "Sarode Om"]
[Result "1/2-1/2"]
[ECO "C11"]
[WhiteElo "2128"]
[BlackElo "1427"]
[Annotator "RC"]
[PlyCount "49"]
[EventDate "2019.01.28"]
[EventType "swiss"]
[EventRounds "10"]
[EventCountry "IND"]
[SourceTitle "playchess.com"]
[Source "ChessBase"]
[SourceQuality "1"]
[TimeControl "5400+30"]

1. e4 e6 2. d4 d5 3. Nc3 Nf6 4. e5 Nfd7 5. f4 a6 6. Nf3 c5 7. Be3 Nc6 8. Qd2 Qb6 9. O-O-O c4 10. f5 Bb4 11. fxe6 fxe6 12. Bxc4 Na7 13. Bb3 Nb5 14. Qd3 Nxc3 15. bxc3 Ba3+ 16. Kd2 Qa5 17. Ng5 Nf8 18. Rhf1 Bd7 19. Nxh7 Nxh7 20. Qg6+ Kd8 21. Qxg7 Kc7 22. Rf7 Qb5 23. Qh6 Rag8 24. Rg7 Nf8 25. Qg5 1/2-1/2

[Event "2nd Kalyan Dombivali 2019"]
[Site "Kalyan"]
[Date "2019.01.30"]
[Round "3"]
[White "Saranya, J."]
[Black "Nawin M S"]
[Result "1-0"]
[ECO "A06"]
[WhiteElo "2094"]
[BlackElo "1424"]
[Annotator "NA RC"]
[PlyCount "98"]
[EventDate "2019.01.28"]
[EventType "swiss"]
[EventRounds "10"]
[EventCountry "IND"]
[SourceTitle "playchess.com"]
[Source "ChessBase"]
[SourceQuality "1"]
[TimeControl "5400+30"]

1. Nf3 d5 2. g3 Nf6 3. Bg2 e6 4. O-O Bd6 5. d4 Nbd7 6. c4 c6 7. Nbd2 e5 8. cxd5 cxd5 9. dxe5 Nxe5 10. Nxe5 Bxe5 11. Nf3 Bd6 12. Bg5 Be7 13. Ne5 O-O 14. Rc1 Be6 15. Qa4 Ne4 16. Be3 Nd6 17. Rfd1 f6 18. Nd3 Nc4 19. Rxc4 dxc4 20. Nf4 Qc8 21. Nxe6 Re8 22. Qd7 Qxd7 23. Rxd7 Bf8 24. Bd5 Kh8 25. Nxf8 Rxf8 26. Bxb7 Rad8 27. Rxd8 Rxd8 28. Ba6 Rb8 29. Bd4 Rb4 30. a3 Ra4 31. Bb5 Ra5 32. a4 a6 33. Bc3 Rxb5 34. axb5 axb5 35. f4 Kg8 36. Kf2 Kf7 37. Ke3 Ke6 38. Kd4 Kd6 39. e4 h5 40. e5+ fxe5+ 41. fxe5+ Ke6 42. Kc5 g5 43. Kxb5 h4 44. gxh4 gxh4 45. Kxc4 h3 46. b4 Kd7 47. Kd5 Ke7 48. e6 Ke8 49. Kd6 Kd8 1-0

[Event "2nd Kalyan Dombivali 2019"]
[Site "Kalyan"]
[Date "2019.01.30"]
[Round "3"]
[White "Ahmed, Feroz"]
[Black "Mayekar Ayush"]
[Result "1-0"]
[ECO "A15"]
[WhiteElo "1919"]
[BlackElo "1389"]
[Annotator "NA RC"]
[PlyCount "71"]
[EventDate "2019.01.28"]
[EventType "swiss"]
[EventRounds "10"]
[EventCountry "IND"]
[SourceTitle "playchess.com"]
[Source "ChessBase"]
[SourceQuality "1"]
[TimeControl "5400+30"]

1. c4 Nf6 2. g3 g6 3. Bg2 Bg7 4. Nc3 c6 5. e4 e5 6. Nf3 Qc7 7. d4 d6 8. O-O O-O 9. h3 b6 10. Be3 Bb7 11. Qd2 Re8 12. Rad1 a6 13. d5 c5 14. Bh6 Nh5 15. Bxg7 Nxg7 16. Nh2 f5 17. f4 Nd7 18. g4 Rf8 19. gxf5 gxf5 20. exf5 Nxf5 21. Ng4 Rae8 22. fxe5 Nxe5 23. Rxf5 Rxf5 24. Nh6+ Kh8 25. Nxf5 Nxc4 26. Qh6 Qf7 27. Nxd6 Nxd6 28. Qxd6 Qg7 29. Rf1 b5 30. Qf6 Qxf6 31. Rxf6 b4 32. Na4 Rd8 33. Nxc5 Bxd5 34. Bxd5 Rxd5 35. Rf8+ Kg7 36. Ne6+ 1-0

[Event "2nd Kalyan Dombivali 2019"]
[Site "Kalyan"]
[Date "2019.01.30"]
[Round "3"]
[White "Sparsh Khandelwal"]
[Black "Pande Pradip"]
[Result "1-0"]
[ECO "B18"]
[WhiteElo "1823"]
[BlackElo "1385"]
[Annotator "NA RC"]
[PlyCount "53"]
[EventDate "2019.01.28"]
[EventType "swiss"]
[EventRounds "10"]
[EventCountry "IND"]
[SourceTitle "playchess.com"]
[Source "ChessBase"]
[SourceQuality "1"]
[TimeControl "5400+30"]

1. e4 c6 2. d4 d5 3. Nc3 dxe4 4. Nxe4 Bf5 5. Ng3 Bg6 6. Nh3 Nf6 7. Nf4 e6 8. h4 Qa5+ 9. Bd2 Bb4 10. h5 Bxd2+ 11. Qxd2 Qxd2+ 12. Kxd2 Bf5 13. Nxf5 exf5 14. Bd3 Ne4+ 15. Bxe4 fxe4 16. Rae1 f5 17. Ne6 Kd7 18. Nxg7 Rf8 19. h6 Na6 20. Rh5 Rf6 21. Rxf5 Raf8 22. g4 Nb4 23. Rxe4 Nd5 24. c4 Ne7 25. Rxf6 Rxf6 26. f4 Rxh6 27. Rxe7+ 1-0

[Event "2nd Kalyan Dombivali 2019"]
[Site "Kalyan"]
[Date "2019.01.30"]
[Round "3"]
[White "Subramanian, R M"]
[Black "Isha Pritam Inamdar"]
[Result "1-0"]
[ECO "B23"]
[WhiteElo "1780"]
[BlackElo "1380"]
[Annotator "NA RC"]
[PlyCount "77"]
[EventDate "2019.01.28"]
[EventType "swiss"]
[EventRounds "10"]
[EventCountry "IND"]
[SourceTitle "playchess.com"]
[Source "ChessBase"]
[SourceQuality "1"]
[TimeControl "5400+30"]

1. e4 c5 2. Nc3 g6 3. f4 Bg7 4. Nf3 Nc6 5. Bb5 Nd4 6. O-O e6 7. d3 Ne7 8. Nxd4 cxd4 9. Ne2 O-O 10. Qe1 a6 11. Ba4 b5 12. Bb3 Bb7 13. Qf2 Nc6 14. f5 exf5 15. exf5 d5 16. f6 Bh8 17. Nxd4 Ne5 18. Qh4 Nd7 19. Bg5 Nc5 20. Rf3 Bc8 21. Nc6 Nxb3 22. Nxd8 Rxd8 23. axb3 Be6 24. Re1 Re8 25. Rfe3 Rac8 26. c3 h5 27. Qf4 Rc6 28. Re5 Rec8 29. Rxe6 Rxe6 30. Rxe6 fxe6 31. f7+ Kf8 32. Bh6+ Bg7 33. Qd6+ Kxf7 34. Qd7+ Kf6 35. Bxg7+ Kf5 36. Qf7+ Kg5 37. Qf6+ Kg4 38. h3+ Kg3 39. Qg5# 1-0

[Event "2nd Kalyan Dombivali 2019"]
[Site "Kalyan"]
[Date "2019.01.30"]
[Round "3"]
[White "Javheri, Jaydev"]
[Black "Lad Mandar Pradip"]
[Result "1-0"]
[ECO "B53"]
[WhiteElo "1675"]
[BlackElo "1364"]
[Annotator "NA RC"]
[PlyCount "90"]
[EventDate "2019.01.28"]
[EventType "swiss"]
[EventRounds "10"]
[EventCountry "IND"]
[SourceTitle "playchess.com"]
[Source "ChessBase"]
[SourceQuality "1"]
[TimeControl "5400+30"]

1. e4 c5 2. Nf3 d6 3. d4 cxd4 4. Qxd4 Nc6 5. Bb5 Bd7 6. Bxc6 Bxc6 7. Nc3 Nf6 8. Bg5 Qb6 9. Qxb6 axb6 10. Bxf6 gxf6 11. O-O Rg8 12. Nd5 Bxd5 13. exd5 Rc8 14. c3 Bh6 15. Rfe1 Rc5 16. Rad1 Kd7 17. Rd4 Bg5 18. Red1 h5 19. Rb4 Ra8 20. a3 Raa5 21. Rbd4 Rab5 22. b4 Rxc3 23. a4 Ra3 24. axb5 Ra8 25. Nxg5 fxg5 26. Rc4 Rc8 27. Rxc8 Kxc8 28. h4 g4 29. Kh2 Kd7 30. Kg3 e5 31. dxe6+ fxe6 32. Kf4 e5+ 33. Kf5 Ke7 34. Rd5 g3 35. fxg3 Kd7 36. g4 hxg4 37. h5 Kc8 38. h6 Kb8 39. Rxd6 Ka7 40. h7 g3 41. Rd1 e4 42. Ra1+ Kb8 43. h8=Q+ Kc7 44. Rc1+ Kd7 45. Qg7+ Ke8 1-0

[Event "2nd Kalyan Dombivali 2019"]
[Site "Kalyan"]
[Date "2019.01.30"]
[Round "3"]
[White "Ankur Mahesh Gokhale"]
[Black "Pawaar Sohum"]
[Result "1-0"]
[ECO "B00"]
[WhiteElo "1628"]
[BlackElo "1359"]
[Annotator "NA RC"]
[PlyCount "119"]
[EventDate "2019.01.28"]
[EventType "swiss"]
[EventRounds "10"]
[EventCountry "IND"]
[SourceTitle "playchess.com"]
[Source "ChessBase"]
[SourceQuality "1"]
[TimeControl "5400+30"]

1. e4 Nc6 2. d4 d5 3. e5 Bf5 4. c3 e6 5. Bb5 a6 6. Bd3 Nge7 7. Ne2 Qd7 8. Bf4 h6 9. h4 Bxd3 10. Qxd3 Nc8 11. a4 Na5 12. Nd2 b6 13. b4 Nb7 14. Nf3 c6 15. O-O b5 16. axb5 cxb5 17. Ra2 Nb6 18. Rfa1 Na4 19. Nd2 Qc6 20. Nb3 Be7 21. Nc5 Bxh4 22. Nxa4 bxa4 23. Rxa4 O-O 24. b5 Qc7 25. Rxa6 Rxa6 26. bxa6 Na5 27. Qb5 Nc4 28. Qb7 Bd8 29. Nc1 Na5 30. Qb4 Qb6 31. a7 Qxa7 32. Nb3 Be7 33. Qxa5 Qxa5 34. Rxa5 Rb8 35. Nc5 Bd8 36. Ra2 Be7 37. Ra5 Bd8 38. Ra7 Bb6 39. Rb7 Rxb7 40. Nxb7 g5 41. Bc1 Kg7 42. Nd6 Ba5 43. c4 dxc4 44. Nxc4 Bc3 45. Bb2 Bb4 46. Ne3 Kg6 47. Kf1 h5 48. g3 g4 49. d5 exd5 50. Nxd5 Bd2 51. Ke2 Bg5 52. Nf6 Bh6 53. Kd3 Bf8 54. Ke4 Bc5 55. Bd4 Bb4 56. Nd5 Bf8 57. Be3 Ba3 58. Bd2 Bc5 59. Nf4+ Kh7 60. Be3 1-0

[Event "2nd Kalyan Dombivali 2019"]
[Site "Kalyan"]
[Date "2019.01.30"]
[Round "3"]
[White "Shivshankar Iyer S"]
[Black "Pethe Varad"]
[Result "1-0"]
[ECO "D30"]
[WhiteElo "1619"]
[BlackElo "1359"]
[Annotator "NA RC"]
[PlyCount "97"]
[EventDate "2019.01.28"]
[EventType "swiss"]
[EventRounds "10"]
[EventCountry "IND"]
[SourceTitle "playchess.com"]
[Source "ChessBase"]
[SourceQuality "1"]
[TimeControl "5400+30"]

1. d4 d5 2. c4 e6 3. g3 Nf6 4. Nf3 b6 5. Bg2 Bb7 6. cxd5 exd5 7. O-O Bd6 8. Nc3 O-O 9. Nh4 c6 10. Nf5 Bc7 11. e4 Bc8 12. Ne3 dxe4 13. Nxe4 Nxe4 14. Bxe4 Re8 15. Bd3 Be6 16. b3 Nd7 17. Qc2 Nf6 18. Rd1 Bd5 19. Bb2 Bd6 20. Re1 Bb4 21. Rf1 Rc8 22. a3 Bd6 23. b4 Be4 24. Rac1 Qd7 25. f3 Bxd3 26. Qxd3 Nd5 27. Ng4 f6 28. Rfe1 Rxe1+ 29. Rxe1 Re8 30. Rxe8+ Qxe8 31. Qe4 Qe7 32. Kf2 h5 33. Ne3 Nxe3 34. Kxe3 f5 35. Qxe7 Bxe7 36. Kf4 g6 37. d5 Bd6+ 38. Be5 Bf8 39. Kg5 cxd5 40. Kxg6 a6 41. Kxf5 a5 42. bxa5 bxa5 43. a4 Bc5 44. Bc7 d4 45. Bxa5 d3 46. Ke4 Bb6 47. Bd2 Kf7 48. Kxd3 Ke6 49. a5 1-0

[Event "2nd Kalyan Dombivali 2019"]
[Site "Kalyan"]
[Date "2019.01.30"]
[Round "3"]
[White "Arvind, Ramnath Iyer"]
[Black "Satkar, Chirag"]
[Result "0-1"]
[ECO "C55"]
[WhiteElo "1567"]
[BlackElo "2071"]
[Annotator "NA RC"]
[PlyCount "76"]
[EventDate "2019.01.28"]
[EventType "swiss"]
[EventRounds "10"]
[EventCountry "IND"]
[SourceTitle "playchess.com"]
[Source "ChessBase"]
[SourceQuality "1"]
[TimeControl "5400+30"]

1. e4 e5 2. Nf3 Nc6 3. Bc4 Nf6 4. d3 h6 5. O-O d6 6. c3 g6 7. Be3 Bg7 8. Re1 O-O 9. Nbd2 a6 10. Bb3 Ng4 11. Nf1 Kh7 12. h3 Nxe3 13. Nxe3 f5 14. exf5 gxf5 15. Bc2 d5 16. Qe2 Be6 17. Rad1 Qf6 18. Nd2 Kh8 19. f3 Rae8 20. Nb3 d4 21. Nf1 b6 22. c4 Bf7 23. a3 Ne7 24. Nbd2 Ng6 25. g3 Rg8 26. Kh2 Bf8 27. b4 h5 28. f4 exf4 29. Qxh5+ Kg7 30. Rxe8 Bxe8 31. gxf4 Bd6 32. Ng3 Bxf4 33. Qf3 Bc6 34. Qf2 Qh4 35. Rg1 Qxh3+ 36. Kxh3 Rh8+ 37. Nh5+ Rxh5+ 38. Qh4 Rxh4# 0-1

[Event "2nd Kalyan Dombivali 2019"]
[Site "Kalyan"]
[Date "2019.01.30"]
[Round "3"]
[White "Pednekar Ayush"]
[Black "Kathmale, Sameer"]
[Result "0-1"]
[ECO "A05"]
[WhiteElo "1501"]
[BlackElo "2312"]
[Annotator "ChessBase"]
[PlyCount "58"]
[EventDate "2019.01.28"]
[EventType "swiss"]
[EventRounds "10"]
[EventCountry "IND"]
[SourceTitle "playchess.com"]
[Source "ChessBase"]
[SourceQuality "1"]
[TimeControl "5400+30"]

1. Nf3 Nf6 2. e3 d5 3. b3 Bf5 4. Bb2 h6 5. Be2 e6 6. c4 c6 7. d3 Nbd7 8. Nc3 Be7 9. Rc1 O-O 10. O-O Bh7 11. Re1 e5 12. cxd5 cxd5 13. d4 e4 14. Ne5 Bf5 15. Bf1 a6 16. Ne2 Bd6 17. Qd2 Re8 18. Nxd7 Bxh2+ 19. Kh1 Ng4 20. g3 Qxd7 21. Nc3 Qd6 22. Bh3 Bxg3 23. fxg3 Qxg3 24. Bxg4 Bxg4 25. Rf1 Bf3+ 26. Rxf3 exf3 27. Rc2 Re6 28. Nxd5 Qh4+ 29. Qh2 Qe4 0-1

[Event "2nd Kalyan Dombivali 2019"]
[Site "Kalyan"]
[Date "2019.01.30"]
[Round "3"]
[White "Soni Deepak R"]
[Black "Kadam Om Manish"]
[Result "0-1"]
[ECO "A46"]
[WhiteElo "1425"]
[BlackElo "1944"]
[Annotator "NA RC"]
[PlyCount "58"]
[EventDate "2019.01.28"]
[EventType "swiss"]
[EventRounds "10"]
[EventCountry "IND"]
[SourceTitle "playchess.com"]
[Source "ChessBase"]
[SourceQuality "1"]
[TimeControl "5400+30"]

1. d4 Nf6 2. Nf3 e6 3. Bf4 c5 4. e3 b6 5. Nbd2 Bb7 6. Nc4 cxd4 7. Nxd4 d5 8. Nb5 dxc4 9. Nc7+ Ke7 10. Qxd8+ Kxd8 11. Nxa8 Nbd7 12. Bxc4 Bxg2 13. Rg1 Bxa8 14. O-O-O Bc6 15. b4 Bf3 16. Rd4 Bxb4 17. Rxg7 Bc5 18. Rd2 Ne4 19. Bg5+ Kc7 20. Rd3 Nd6 21. Bb3 Be4 22. Rd1 Bg6 23. Bf4 e5 24. Bg3 Nf5 25. Ba4 Bd6 26. Rxg6 hxg6 27. Bxd7 Nxg3 28. Ba4 Ne4 29. Bb3 Ba3+ 0-1